 Dungeon Crawl Stone Soup version 0.17.0-28-g6e173f8 (webtiles) character file.

83 gorblad the Cudgeler (level 4, -2/50 HPs)
             Began as an Ogre Berserker on Nov 30, 2015.
             Was a Believer of Trog.
             Slain by Crazy Yiuf
             ... wielding a +2 quarterstaff of chaos
              (4 damage)
             ... on level 2 of the Dungeon.
             The game lasted 00:04:49 (1777 turns).

gorblad the Cudgeler (Ogre Berserker)               Turns: 1777, Time: 00:04:49

Health: -2/50      AC:  3    Str: 23    XL:     4   Next: 44%
Magic:  4/4        EV: 10    Int:  6    God:    Trog [**....]
Gold:   78         SH:  0    Dex:  9    Spells: 0 memorised, 3 levels left

rFire  + . .     SeeInvis .     a - +0 mace
rCold  . . .     Clarity  .     b - +0 animal skin
rNeg   . . .     SustAt   .     (no shield)
rPois  .         Gourm    .     (helmet restricted)
rElec  .         Spirit   .     (no cloak)
rCorr  .         Warding  .     (gloves unavailable)
rMut   .         Stasis   .     (boots unavailable)
MR     .....                    (no amulet)
Stlth  +.........               u - ring of protection from fire
                                (no ring)

@: lethally poisoned (-2 -> -7), not resistant to hostile enchantments, very
unstealthy
A: unfitting armour, tough skin 1
a: Berserk, Trog's Hand, Burn Spellbooks, Renounce Religion


You were on level 2 of the Dungeon.
You worshipped Trog.
Trog was pleased with you.
You were not hungry.

You visited 1 branch of the dungeon, and saw 2 of its levels.

You collected 78 gold pieces.

Inventory:

Hand Weapons
 a - a +0 mace (weapon)
Armour
 b - a +0 animal skin (worn)
Jewellery
 u - a ring of protection from fire (right hand)
Scrolls
 e - 2 scrolls of identify
 f - a scroll of magic mapping
 q - a scroll of blinking
Potions
 g - a potion of brilliance {unknown}
 o - a potion of might {unknown}
 p - a potion of heal wounds {unknown}
 t - 3 potions of curing
Comestibles
 c - 2 bread rations
 d - 3 chunks of flesh
 j - a slice of pizza
 l - a meat ration
 r - 3 fruits


   Skills:
 + Level 5.5 Fighting
 + Level 5.5 Maces & Flails
 - Level 2.6 Dodging


You had 3 spell levels left.
You didn't know any spells.

Dungeon Overview and Level Annotations

Branches:
Dungeon (2/15)

Altars:

Annotations:
D:2 Crazy Yiuf


Innate Abilities, Weirdness & Mutations

You are too large for most types of armour.
You have tough skin (AC +1).


Message History

You hit Crazy Yiuf but do no damage.
You feel sick.
Crazy Yiuf hits you with a quarterstaff of chaos!
You are electrocuted!
* * * LOW HITPOINT WARNING * * *
You are too injured to fight recklessly!
You are too injured to fight recklessly!
You are too injured to fight recklessly!
You are too injured to fight recklessly!
You are too injured to fight recklessly!
You hit Crazy Yiuf but do no damage.
You feel sick. Crazy Yiuf closely misses you.
You hit Crazy Yiuf.
Crazy Yiuf is moderately wounded.
You feel sick.
Crazy Yiuf hits you with a quarterstaff of chaos.
* * * LOW HITPOINT WARNING * * *
You hit Crazy Yiuf but do no damage.
Crazy Yiuf is moderately wounded.
Crazy Yiuf hits you with a quarterstaff of chaos.
You die...

#.#......)..#........
#.#.........#........
#.#...#.....###.#####
############# #.# #.#
#.# ####* ♣♣###.#
#)..#♣♣ ♣♣P....#
#..g@.♣♣♣♣.P....#
#...#♣..♣.......#
####*♣♣♣.♣....#.#
♣♣♣♣♣###.# #.#
********#.#
*,,,,,,,,.#
***********


You could see Crazy Yiuf.

Vanquished Creatures
  2 adders (D:2)
  A gnoll (D:1)
  3 worms (D:2)
  3 giant geckos
  6 bats
  2 giant cockroaches
  4 goblins
  6 hobgoblins
  4 kobolds
  A ball python (D:2)
  A giant newt (D:2)
  2 jackals (D:1)
  7 rats
42 creatures vanquished.

Notes
Turn   | Place    | Note
--------------------------------------------------------------
     0 | D:1      | gorblad the Ogre Berserker began the quest for the Orb.
     0 | D:1      | Reached XP level 1. HP: 24/24 MP: 1/1
    41 | D:1      | Reached XP level 2. HP: 21/33 MP: 2/2
   572 | D:1      | Reached XP level 3. HP: 40/40 MP: 3/3
  1262 | D:2      | Reached skill level 5 in Fighting
  1262 | D:2      | Reached skill level 5 in Maces & Flails
  1414 | D:2      | Reached XP level 4. HP: 36/50 MP: 4/4
  1507 | D:2      | Reached ** piety under Trog
  1771 | D:2      | Noticed Crazy Yiuf
  1776 | D:2      | HP: 2/50 [Crazy Yiuf/quarterstaff of chaos (6)]
  1777 | D:2      | Slain by Crazy Yiuf

Action                   |  1- 3 |  4- 6 || total
-------------------------+-------+-------++-------
Melee: Mace              |    88 |    48 ||   136
  Use: Scroll            |       |     8 ||     8
 Stab: Sleeping          |     1 |       ||     1
  Eat: Chunk             |     2 |     1 ||     3
